Description

Cheese Memey type build. It most definitely can throw your opponent off guard and work.

Replay - 2022-10-01_-_Pacheron_VS_ZEleven

Build Order

Get SALT Encoding   

  12  0:02  Drone  
  13  0:22  Spawning Pool  
  13  0:25  Drone x2  
  14  0:40  Overlord  
  14  0:43  Extractor  
  14  0:45  Drone  
  14  0:59  Drone x2  
  16  1:09  Queen  Inject when spawn. Then tumor towards ramp.
  16  1:10  Zergling x2  
  19  1:22  Drone  
  20  1:33  Drone  
  20  1:35  Extractor  
  20  1:44  Drone  
  21  1:47  Lair  
  21  1:51  Overlord  
  21  2:04  Drone  
  25  2:37  Overlord  
  25  2:47  Infestation Pit  Used to block ramp to main base
  25  2:48  Queen  
  25  2:50  Nydus Network  Used to block ramp to main base
  25  2:58  Overlord  
  25  3:04  Overseer  
  25  3:08  Zergling x2  
  28  3:14  Spine Crawler  Used to block ramp to main base
  27  3:27  Swarm Host x2  
  33  3:42  Nydus Canal  
  33  3:46  Overlord  
  33  3:47  Queen  
  35  3:53  Swarm Host  
  38  4:09  Zergling x2, Swarm Host  
  42  4:22  Nydus Canal  
  42  4:29  Queen  
  44  4:40  Swarm Host  
  47  5:06  Queen  
  49  5:11  Nydus Canal  
  49  5:12  Swarm Host  
  52  5:42  Swarm Host x3  
  61  5:55  Swarm Host  
  64  6:03  Queen  
  66  7:06  Spore Crawler x2  
  66  7:08  Nydus Canal  
  64  7:20  Queen  
  77  8:07  Zergling x2  
Spawning Tool Build Advisor. Get it on Overwolf

Analysis

It's important to keep up the queen production to defend any void ray response. Also make sure you're sending out the overlords prior to popping the nydus so you have vision. Keep up the back and forth with the nydus's on opposite sides, making your opponent split their army and split their attention. Keep wearing them down. This build steam rolls very quickly, The first 2 or 3 swarmhosts wont do much damage but the point is to keep them coming and you will eventually tip the scale and be too much for them to handle. Target priority is also key. I cant tell you what to go for exactly as every game is unique to a large enough degree. But keep in mind probes and scvs may have to take less priority over other things, like production, bases, or army, it just depends. This is not a zvz build, you'll likely just get bane busted and die.

Go to:

Details

  • Created by: IIEleven11
  • Published on: Aug 19, 2023
  • Modified on: Sep 03, 2023
  • Patch: 5.0.11
  • Difficulty: Medium
Show
View Real Time Build Order
Export as new Build Order

Comments (0)

There are no comments. Be the first!

Create an account to comment!